 Dungeon Crawl Stone Soup version 0.31.0-9-g3a7656b989 (webtiles) character file.

Game seed: 4126216571397266362

98 qw the Shooter (level 4, 0/22 HPs)
             Began as a Spriggan Hunter on Feb 2, 2024.
             Slain by an orc
             ... wielding a +0 flail
              (3 damage)
             ... on level 3 of the Dungeon.
             The game lasted 00:00:05 (1603 turns).

qw the Shooter (Spriggan Hunter)                    Turns: 1603, Time: 00:00:05

Health: 0/22       AC:  2    Str: 13    XL:     4   Next: 43%
Magic:  5/5        EV: 19    Int: 10    God:
Gold:   72         SH:  0    Dex: 20    Spells: 3/3 levels left

rFire   . . .        a - +0 shortbow
rCold   . . .        (shield currently unavailable)
rNeg    . . .        c - +0 robe
rPois   .            (helmet restricted)
rElec   .            (no cloak)
rCorr   .            (gloves unavailable)
SInv    +            (boots unavailable)
Will    .....        (no amulet)
Stlth   ++           d - +6 ring of strength
HPRegen 0.23/turn    (no ring)
MPRegen 0.09/turn

%: no passive effects
@: very quick
A: very small, no large weapons, unfitting armour, see invisible, speed 3
a: no special abilities


You were on level 3 of the Dungeon.
You visited 1 branch of the dungeon, and saw 3 of its levels.

You collected 132 gold pieces.
You spent 60 gold pieces at shops.


Innate Abilities, Weirdness & Mutations

You are very small and have problems with some larger weapons.
You are too small for most types of armour.
You have supernaturally acute eyesight. (SInv)
You cover ground extremely quickly. (Speed+++)


   Skills:
 - Level 1.5 Fighting
 - Level 5.2 Ranged Weapons
 + Level 4.4 Dodging
 - Level 1.5 Stealth


You had 3 spell levels left.
You didn't know any spells.
Your spell library was empty.

Inventory:

Hand Weapons
 a - a +0 shortbow (weapon)
Armour
 c - a +0 robe (worn)
Jewellery
 b - a ring of magical power
 d - a +6 ring of strength (left hand)
Scrolls
 g - a scroll of vulnerability {unknown}
 i - a scroll of enchant armour
Potions
 e - 2 potions of curing
 f - a potion of enlightenment

Dungeon Overview and Level Annotations

Branches:
Dungeon (3/15)

Altars:
Yredelemnul

Shops:
D:2 ?


Message History

You feel sick. The adder closely misses you. The adder completely misses you.
You shoot an arrow. The arrow closely misses the adder.
The arrow hits the orc but does no damage.
The orc is severely wounded.
You feel sick. The adder completely misses you.
You shoot an arrow. The arrow hits the adder.
The adder is heavily wounded.
You feel sick. The adder misses you. The adder closely misses you.
You shoot an arrow. The arrow barely misses the adder.
The arrow hits the orc.
The orc is severely wounded.
You feel sick. The adder misses you.
You shoot an arrow. The arrow hits the adder!
You kill the adder!
You feel sick.
You are no longer poisoned.
You shoot an arrow.
The arrow hits the orc but does no damage.
The orc closely misses you.
You shoot an arrow. The arrow completely misses the orc.
The arrow hits the orc.
The orc is almost dead.
The orc misses you.
You shoot an arrow. The arrow completely misses the orc.
The arrow barely misses the orc.
The orc hits you with a +0 flail!
You shoot an arrow. The arrow barely misses the orc.
The arrow hits the orc!
You kill the orc!
The orc closely misses you.
You shoot an arrow. The arrow barely misses the orc.
The orc hits you with a +0 flail. The orc closely misses you.
You shoot an arrow. The arrow hits the orc.
The orc is moderately wounded.
The orc misses you.
You shoot an arrow. The arrow closely misses the orc.
The orc closely misses you.
You shoot an arrow. The arrow closely misses the orc.
The orc completely misses you.
You shoot an arrow. The arrow hits the orc.
The orc is heavily wounded.
The orc hits you with a +0 flail.
You die...

#########
#############.......#
#...................#
<#.......#.........#
#.#####.#.#.......#
#.#...#.#%###%#.###
+...#.#.#.# #.#.####
#.###.#.#.# #.#.....
#)o@._#.#.# #.######
#.#####.#.# #.# #
..## #. #.###### ....
........ #.###
..###### # #.########
#......... #######...
#...


You could see an orc.

Vanquished Creatures
  Natasha (D:3)
  2 adders
  A gnoll (D:1)
  3 orcs (D:3)
  6 ball pythons
  A bat (D:2)
  4 endoplasms
  3 giant cockroaches
  3 goblins (D:1)
  A hobgoblin (D:3)
  4 jackals (D:1)
  2 quokkas
  A frilled lizard (D:1)
  4 kobolds
  A rat (D:2)
37 creatures vanquished.

Notes
Turn   | Place    | Note
-------+----------+-------------------------------------------
     0 | D:1      | qw the Spriggan Hunter began the quest for the Orb.
     0 | D:1      | Reached XP level 1. HP: 10/10 MP: 2/2
     0 | D:1      | 0 ||| qw: Version: 0.3-a-155-g5e7d8dd
     0 | D:1      | 0 ||| qw: Game counter: 2046
     0 | D:1      | 0 ||| qw: Melee chars always use a shield: true
     0 | D:1      | 0 ||| qw: God list: Okawaru
     0 | D:1      | 0 ||| qw: Allow faded altars: false
     0 | D:1      | 0 ||| qw: Do Orc after clearing Dungeon:15 true
     0 | D:1      | 0 ||| qw: Do second Lair branch before Depths: true
     0 | D:1      | 0 ||| qw: Lair rune preference: random
     0 | D:1      | 0 ||| qw: Goals: Normal
     0 | D:1      | 0 ||| PLANNING D:1-11
   126 | D:1      | Reached skill level 3 in Dodging
   158 | D:1      | Reached XP level 2. HP: 14/14 MP: 3/3
   517 | D:1      | 517 ||| READING scroll labelled DOTINE CIAWNU.
   517 | D:1      | 517 ||| IDENTIFYING scroll labelled WAJIACVU XIMUC
   518 | D:1      | 518 ||| DROPPING scroll of butterflies.
   519 | D:1      | 519 ||| DROPPING scroll of revelation.
   541 | D:2      | Found Qonatoop's Magic Scroll Shoppe.
   562 | D:2      | 562 ||| SHOPLISTING scroll of enchant weapon (75 gold, have
                  | 68).
   562 | D:2      | 562 ||| BUYING scroll of identify (20 gold).
   562 | D:2      | Bought a scroll of identify for 20 gold pieces
   562 | D:2      | 562 ||| BUYING scroll of identify (20 gold).
   562 | D:2      | Bought a scroll of identify for 20 gold pieces
   562 | D:2      | 562 ||| BUYING scroll of identify (20 gold).
   562 | D:2      | Bought a scroll of identify for 20 gold pieces
   562 | D:2      | 562 ||| SHOPLISTING scroll of identify (20 gold, have 8).
   562 | D:2      | 562 ||| SHOPLISTING scroll of teleportation (30 gold, have
                  | 8).
   596 | D:2      | Reached XP level 3. HP: 18/18 MP: 4/4
  1308 | D:2      | 1308 ||| UPGRADING to +6 ring of strength.
  1309 | D:2      | 1309 ||| READING 6 scrolls of identify.
  1309 | D:2      | 1309 ||| IDENTIFYING red potion
  1310 | D:2      | 1310 ||| READING 5 scrolls of identify.
  1310 | D:2      | 1310 ||| IDENTIFYING fuming puce potion
  1311 | D:2      | 1311 ||| READING 4 scrolls of identify.
  1311 | D:2      | 1311 ||| IDENTIFYING yellow potion
  1312 | D:2      | 1312 ||| READING 3 scrolls of identify.
  1312 | D:2      | 1312 ||| IDENTIFYING 2 fizzy red potions
  1313 | D:2      | 1313 ||| READING 2 scrolls of identify.
  1313 | D:2      | 1313 ||| IDENTIFYING scroll labelled WIUNTYEQOD
  1314 | D:2      | 1314 ||| READING scroll of identify.
  1314 | D:2      | 1314 ||| IDENTIFYING 3 scrolls labelled GILIKHLADWOSM
  1315 | D:2      | 1315 ||| DROPPING potion of degeneration.
  1316 | D:2      | 1316 ||| DROPPING 3 scrolls of immolation.
  1330 | D:3      | 1330 ||| PLANNING SEWER
  1395 | D:3      | Noticed Natasha
  1400 | D:3      | 1400 ||| DRINKING potion of haste.
  1401 | D:3      | Killed Natasha
  1402 | D:3      | Reached skill level 5 in Ranged Weapons
  1402 | D:3      | Reached XP level 4. HP: 22/22 MP: 5/5
  1573 | D:3      | Found a basalt altar of Yredelemnul.
  1599 | D:3      | HP: 2/22 [orc/+0 flail (4)]
  1603 | D:3      | Slain by an orc

Levels and vault maps discovered:
D:1:      roadster_arrival_rocket_small, layout_basic
D:2:      layout_basic, serial_shops, shop, kennysheep_cluttered_room,
          grunt_decor_mini_mirrors, grunt_decor_arrowhead
D:3:      layout_basic, overflow_temple_1_default, lightli_sewer_entry_pipes,
          uniq_natasha

Skill      XL: |  1  2  3 |
---------------+----------+-----
Dodging        | 4 |  4.4
Ranged Weapons | 5 |  5.2
Fighting       | |  1.5
Stealth        | |  1.5

Action                     |  1- 3 |  4- 6 || total
---------------------------+-------+-------++-------
   Fire: Shortbow          |    81 |    34 ||   115
    Use: Scroll            |     7 |       ||     7
         Potion            |     1 |       ||     1
 Armour: Robe              |     7 |     5 ||    12
  Dodge: Dodged            |    24 |    23 ||    47

Table legend:
 A = Non-vault XP
 B = Vault XP
 C = Vault XP percentage of total XP
 D = Non-vault monster count
 E = Vault monster count
 F = Vault count percentage of total count
                 A         B        C        D         E       F
            +---------+---------+-------+---------+---------+-------
      Total |     104 |      36 |  25.7 |      36 |       1 |   2.7
            +---------+---------+-------+---------+---------+-------
        D:1 |      34 |       0 |   0.0 |      12 |       0 |   0.0
        D:2 |      39 |       0 |   0.0 |      15 |       0 |   0.0
        D:3 |      31 |      36 |  53.7 |       9 |       1 |  10.0
            +---------+---------+-------+---------+---------+-------
